AoeStats
← a20th_

Black Forest

507325397Analyzed
4v4 RM · 15d ago on Sep 17, 2026· 48m 18s· 8 players
Game mode
Random Map
Map size
Large (8 player)
Population
200
Speed
Normal
Resources
Standard
Victory
Conquest
Starting age
Dark Age
Ending age
Imperial Age
RankedLock teamsTeams togetherTeam positionsShared explorationLock speedFull tech treeHidden civsTurbo modeCheats
Victory
Defeat
🇸🇰 Britons · Slovakia
896
+14
🇩🇪 Lithuanians · Germany
874
+15
🇵🇰 Hindustanis · Pakistan
863
+15
🇭🇺 Mongols · Hungary
832
+16
🇬🇷 Persians · Greece
871
-16
🇬🇷 Bohemians · Greece
839
-15
837
-15
🇬🇷 Celts · Greece
832
-14
Epic Noob
14:27 Feudal Age
15:20 Double-Bit Axe
15:19 Horse Collar
18:33 Castle Age
20:03 Heavy Plow
20:17 Bow Saw
24:15 Wheelbarrow
25:55 Hand Cart
27:42 Stone Mining
27:43 Gold Mining
30:31 Imperial Age
28:09 Padded Archer Armor
28:00 Fletching
28:10 Scale Mail Armor
28:21 Forging
29:18 Leather Archer Armor
29:32 Ballistics
30:04 Gold Shaft Mining
29:34 Caravan
30:40 Bodkin Arrow
31:41 Chain Mail Armor
32:02 Iron Casting
32:45 Conscription
33:01 Ring Archer Armor
32:31 Bracer
33:03 Pikeman
35:21 Two-Man Saw
35:08 Plate Mail Armor
35:39 Blast Furnace
35:44 Chemistry
35:11 Yeomen
35:01 Elite Longbowman
35:16 Halberdier
a20th_
0:32 Loom
13:20 Feudal Age
18:09 Castle Age
16:08 Double-Bit Axe
17:42 Fletching
18:07 Gold Mining
18:54 Fishing Lines
20:40 Bow Saw
21:52 Bodkin Arrow
26:56 Ballistics
27:28 Gillnets
30:26 Imperial Age
28:19 Pikeman
30:47 Padded Archer Armor
31:37 Parthian Tactics
32:00 Gold Shaft Mining
32:23 Wheelbarrow
31:31 Horse Collar
33:04 Bracer
33:10 Stone Mining
33:38 Heavy Plow
34:23 Hand Cart
35:32 Fortified Wall
36:14 Stone Shaft Mining
36:05 Thumb Ring
37:29 Leather Archer Armor
38:15 Forging
38:10 Scale Barding Armor
38:22 Masonry
39:02 Husbandry
39:13 Bloodlines
39:04 Onager
39:51 Elite Steppe Lancer
40:55 Conscription
40:52 Caravan
43:45 Iron Casting
46:32 Blast Furnace
45:52 Chain Barding Armor
49:12 Hoardings
Sherdil
0:29 Loom
13:23 Feudal Age
21:22 Castle Age
19:56 Horse Collar
20:05 Double-Bit Axe
20:31 Gold Mining
21:13 Stone Mining
22:07 Wheelbarrow
24:30 Bow Saw
25:01 Stone Shaft Mining
29:21 Gold Shaft Mining
30:38 Caravan
35:20 Imperial Age
32:56 Heavy Plow
35:38 Bloodlines
35:30 Grand Trunk Road
35:41 Heavy Camel Rider
36:25 Husbandry
36:35 Scale Barding Armor
36:41 Forging
37:09 Hand Cart
38:06 Chain Barding Armor
38:56 Conscription
38:00 Imperial Camel Rider
41:52 Plate Barding Armor
41:53 Iron Casting
Upsidupsi
0:42 Loom
11:23 Feudal Age
16:50 Castle Age
14:59 Horse Collar
15:31 Double-Bit Axe
18:14 Wheelbarrow
29:49 Imperial Age
28:12 Hand Cart
28:42 Bloodlines
28:33 Husbandry
28:45 Forging
29:07 Ballistics
28:51 Heavy Plow
29:25 Bow Saw
30:37 Iron Casting
30:12 Scale Barding Armor
30:32 Caravan
31:03 Coinage
30:16 Cavalier
32:11 Chemistry
32:54 Chain Barding Armor
33:54 Crop Rotation
33:00 Paladin
34:20 Conscription
35:03 Plate Barding Armor
34:24 Fletching
34:34 Padded Archer Armor
34:34 Elite Skirmisher
35:43 Tower Shields
37:02 Thumb Ring
45:01 Leather Archer Armor
44:41 Bodkin Arrow
44:50 Gold Mining
44:51 Stone Mining
45:47 Banking
45:29 Guilds
46:23 Bracer
46:53 Ring Archer Armor
48:41 Stone Shaft Mining
49:15 Two-Man Saw
48:30 Scale Mail Armor
giannispolukandriotis.4
0:47 Loom
12:39 Feudal Age
24:10 Castle Age
34:51 Imperial Age
36:40 Chemistry
36:21 Wheelbarrow
35:31 Horse Collar
35:44 Stone Mining
35:47 Gold Mining
35:47 Double-Bit Axe
35:28 Elite Fire Lancer
36:31 Padded Archer Armor
36:21 Fletching
36:35 Scale Mail Armor
36:46 Forging
36:40 Heavy Plow
37:37 Hand Cart
37:56 Crop Rotation
37:50 Bow Saw
38:14 Town Watch
38:55 Chain Mail Armor
39:18 Iron Casting
41:30 Arson
43:27 Paper Money
43:09 Chatras
43:29 Husbandry
43:40 Scale Barding Armor
makispapadopoulos7
0:27 Loom
11:57 Feudal Age
13:12 Double-Bit Axe
17:55 Castle Age
15:40 Horse Collar
15:54 Gold Mining
17:14 Stone Mining
18:02 Wheelbarrow
23:07 Fletching
23:19 Padded Archer Armor
23:23 Arson
27:23 Town Watch
30:15 Gold Shaft Mining
29:58 Elite Skirmisher
32:01 Gambesons
32:53 Bow Saw
33:49 Stone Shaft Mining
33:23 Heavy Plow
36:04 Sanctity
36:02 Pikeman
36:58 Bodkin Arrow
37:19 Leather Archer Armor
40:34 Imperial Age
38:48 Hand Cart
38:54 Stronghold
39:32 Treadmill Crane
40:13 Ballistics
40:03 Scale Barding Armor
42:25 Chemistry
41:39 Furor Celtica
41:50 Conscription
40:55 Onager
42:20 Ring Archer Armor
42:21 Husbandry
41:42 Light Cavalry
42:50 Imperial Skirmisher
andreas7487
0:36 Loom
13:17 Feudal Age
14:17 Horse Collar
14:33 Double-Bit Axe
16:35 Wheelbarrow
21:53 Castle Age
21:59 Pikeman
28:12 Bow Saw
28:11 Heavy Plow
30:27 Hand Cart
34:26 Ballistics
35:06 Chemistry
35:06 Caravan
35:37 Coinage
37:43 Imperial Age
35:29 Wagenburg Tactics
38:54 Houfnice
diomidismav
0:26 Loom
11:09 Feudal Age
12:23 Wheelbarrow
11:35 Double-Bit Axe
12:28 Horse Collar
16:06 Stone Mining
17:13 Gold Mining
22:33 Castle Age
23:15 Bow Saw
25:44 Hand Cart
25:47 Heavy Plow
30:10 Imperial Age
30:22 Scale Barding Armor
31:40 Two-Man Saw
33:09 Chemistry
33:13 Chain Barding Armor
33:55 Ballistics
34:16 Gold Shaft Mining
36:16 Plate Barding Armor
36:41 Coinage
36:12 Caravan
35:56 Cavalier
36:38 Husbandry
37:56 Bloodlines
41:51 Savar
Connection lost

Rejoining the realm…

Still unreachable

The connection could not be restored.

Session expired

The server has moved on; the page needs a fresh start.